 Dungeon Crawl Stone Soup version 0.18.1-50-g88ac8fd (webtiles) character file.

43 Aleksmastering the Skirmisher (level 3, -11/29 HPs)
             Began as a Demonspawn Chaos Knight on Sept 26, 2016.
             Killed by divine providence
             ... invoked by an orc priest
              (17 damage)
             ... on level 2 of the Dungeon.
             The game lasted 00:05:04 (969 turns).

Aleksmastering the Skirmisher (DsCK)                 Turns: 969, Time: 00:05:04

Health: -11/29     AC:  5    Str: 13    XL:     3   Next: 37%
Magic:  3/3        EV: 11    Int: 19    God:    Xom [.....*]
Gold:   83         SH:  0    Dex: 14    Spells: 0 memorised, 2 levels left

rFire  . . .     SeeInvis .     a - +0 falchion (chaos)
rCold  . . .     Gourm    .     b - +2 leather armour
rNeg   . . .     Faith    .     (no shield)
rPois  .         Spirit   .     (no helmet)
rElec  .         Dismiss  .     (no cloak)
rCorr  .         Reflect  .     (no gloves)
SustAt .         Harm     .     (no boots)
MR     .....                    (no amulet)
Stlth  ++........               (no ring)
                                q - +6 ring of intelligence

@: not resistant to hostile enchantments, unstealthy
A: thin skeletal structure 1, spiny 1
a: Renounce Religion


You were on level 2 of the Dungeon.
You worshipped Xom.
You were Xom's teddy bear.
You were not hungry.

You visited 1 branch of the dungeon, and saw 3 of its levels.

You collected 83 gold pieces.

Inventory:

Hand Weapons
 a - a +0 falchion of chaos (weapon)
Armour
 b - a +2 leather armour (worn)
 d - a +0 pair of gloves
Jewellery
 q - a +6 ring of intelligence (left hand)
Wands
 n - a wand of digging (9/24)
Scrolls
 e - a scroll of magic mapping
 f - a scroll of teleportation
 i - a scroll of amnesia {unknown}
 k - a scroll of fear {unknown}
Potions
 g - a potion of curing {unknown}
 j - a potion of flight {unknown}
 m - a potion of ambrosia {unknown}
 p - a potion of heal wounds {unknown}
Comestibles
 c - 3 bread rations
 h - a slice of pizza
 o - a beef jerky


   Skills:
 + Level 3.6 Fighting
 + Level 3.0 Long Blades
 + Level 2.1 Armour
 + Level 1.4 Dodging
 + Level 0.4 Stealth


You had 2 spell levels left.
You didn't know any spells.

Dungeon Overview and Level Annotations

Branches:
Dungeon (3/15)

Altars:
Dithmenos


Innate Abilities, Weirdness & Mutations

You have a somewhat thin skeletal structure (Dex +2, Stealth).
You are partially covered in sharp spines.


Message History

Beogh smites you! The orc priest hits you with a whip.
Reactivating autopickup.
You feel a bit more experienced.
You climb upwards.
There is a stone staircase leading down here.
As you read the scroll labeled ALURID YNICIE, it crumbles to dust.
You feel strangely unstable.
It was a scroll of teleportation.
The orc priest invokes the aid of Beogh against you.
Pain shoots through your body!
* * * LOW HITPOINT WARNING * * *
"See what I see, my child!"
You feel momentarily disoriented.
Your surroundings seem slightly different.
Xom momentarily opens a gate.
The orc priest calls down the wrath of Beogh upon you.
Beogh smites you!
Ouch! That really hurt!
You die...
Xom giggles madly!

#.....# ###### #.....# #..(.#
#...>.# ##.#### #####..[.)# #..#
........o.# #.## ..........# #.#
# .....##..######### #####.# ##
..........o.55...# ###.....# ##.
.....##..#######@###...##### #..
##.####..# #5....### ####.# #.#
#..# #...### ####....# #.# #..#
#.#...## #....#### #.####..#
#.###..###.#### #.##....# #.#
##..##.# #.##.##.#######.#
###.##.####### #.##.##.....#...#
#.............
#..#.######...#####.#.##..######


You could see an orc priest, a friendly quasit, a friendly white imp (wandering)
and a friendly ufetubus.

Vanquished Creatures
  An adder (D:2)
  A dart slug (D:1)
  A giant gecko (D:2)
  3 orcs
  A giant cockroach (D:1)
  A goblin (D:1)
  3 hobgoblins
  7 kobolds
  A quokka (D:2)
  A bat (D:1)
  4 giant newts (D:1)
  6 rats
30 creatures vanquished.

Notes
Turn   | Place    | Note
--------------------------------------------------------------
     0 | D:1      | Aleksmastering the Demonspawn Chaos Knight began the quest for the Orb.
     0 | D:1      | Reached XP level 1. HP: 18/18 MP: 1/1
    45 | D:1      | Reached skill level 1 in Dodging
    87 | D:1      | Gained mutation: You have a somewhat thin skeletal structure (Dex +2, Stealth). [demonic ancestry]
    87 | D:1      | Reached XP level 2. HP: 21/24 MP: 2/2
   534 | D:1      | XOM: divination: detect creatures
   549 | D:2      | XOM: divination: detect items
   604 | D:2      | Gained mutation: You are partially covered in sharp spines. [demonic ancestry]
   604 | D:2      | Reached XP level 3. HP: 23/29 MP: 3/3
   723 | D:2      | XOM: cast spell 'Ice Form'
   828 | D:2      | Found a shadowy altar of Dithmenos.
   944 | D:2      | XOM: harmless Ice miscast
   962 | D:2      | XOM: divination: magic mapping
   968 | D:2      | XOM: summons 3 friendly demons
   969 | D:2      | Killed from afar by an orc priest

Skill      XL: |  1  2 |
---------------+-------+-----
Dodging        | 1 |  1.4
Armour         | 2 |  2.1
Long Blades    | 3 |  3.0
Fighting       | |  3.6
Stealth        | |  0.4

Action                   || total
-------------------------++-------
Melee: Falchion          ||    63
       Unarmed           ||     1
  Use: Scroll            ||     2
 Stab: Sleeping          ||     5
Armor: Leather armour    ||    19
Dodge: Dodged            ||    35
